Map: Triton LE

Players

Serral

  • Race: Zerg Zerg
  • League: Master
  • Spawn Location: 11:00

ShoWTimE - Winner!

  • Race: Protoss Protoss
  • League: Grandmaster
  • Spawn Location: 5:00

Event: HomeStory Cup XX

VOD

https://www.youtube.com/watch?v=Y6-T47L_mA0

Description

Time

  • Played on: Nov. 22, 2019, 4:48 p.m.
  • Length: 30:35

All games in this series

Show
View Real Time Build Order
Export as new Build Order

Serral Zerg 

Build Orders: Hatch First, Lurkers, Roach Hydra, Swarm Host 

Get SALT Encoding   

  12  0:00  Drone  
  13  0:12  Overlord  
  13  0:16  Drone  
  14  0:30  Drone x2  
  16  0:49  Hatchery  
  15  0:51  Drone  
  15  0:54  Drone  
  17  0:57  Drone  
  18  1:08  Extractor  
  17  1:13  Spawning Pool  
  17  1:16  Drone  
  17  1:22  Drone  
  18  1:27  Drone  
  19  1:38  Drone  
  20  1:49  Overlord  
  20  2:00  Queen x2  
  20  2:01  Zergling x4  
  26  2:11  Drone  
  26  2:12  Metabolic Boost, Drone  
  28  2:23  Drone x2  
  30  2:34  Hatchery  
  30  2:37  Drone  
  30  2:43  Queen  
  32  2:48  Overlord  
  32  2:50  Drone  
  32  2:52  Drone  
  32  2:55  Drone  
  32  2:58  Drone  
  35  3:07  Zergling x2  
  35  3:10  Drone x2  
  35  3:11  Overlord  
  35  3:12  Drone  
  39  3:16  Drone  
  39  3:17  Drone  
  39  3:19  Queen  
  43  3:29  Zergling x2  
  43  3:30  Spore Crawler  
  43  3:31  Overlord  
  43  3:37  Zergling x2  
  43  3:40  Drone  
  43  3:41  Drone x3  
  48  3:46  Queen  
  48  3:47  Drone  
  51  3:49  Overlord  
  51  3:56  Drone x4  
  51  4:00  Drone  
  51  4:02  Zergling x2  
  57  4:06  Overlord  
  57  4:07  Spore Crawler  
  57  4:08  Drone  
  57  4:10  Drone  
  57  4:12  Drone x2  
  57  4:14  Drone  
  61  4:19  Evolution Chamber  
  61  4:22  Lair  
  61  4:24  Roach Warren, Drone  
  61  4:29  Zergling x6  
  64  4:35  Zergling x2  
  64  4:36  Overlord  
  65  4:40  Spore Crawler, Extractor x2  
  65  4:41  Drone  
  65  4:42  Drone x3  
  65  4:45  Drone x2  
  68  4:48  Overlord  
  68  4:50  Drone  
  68  4:51  Drone x2  
  70  4:54  Drone  
  70  4:58  Drone x2  
  72  5:00  Drone x2  
  72  5:02  Zergling x6  
  73  5:07  Zergling x4  
  73  5:11  Spore Crawler  
  73  5:12  Overlord  
  74  5:16  Extractor  
  74  5:18  Zergling x6  
  75  5:22  Drone x2  
  75  5:26  Drone x2  
  75  5:27  Drone  
  80  5:34  Drone x3  
  78  5:38  Drone x2  
  78  5:40  Drone  
  77  5:45  Drone x4  
  81  5:50  Overlord  
  81  5:54  Overlord  
  81  5:55  Drone x2  
  83  5:59  Drone x2  
  83  6:01  Extractor  
  83  6:02  Extractor  
  83  6:04  Evolution Chamber  
  83  6:07  Drone x2  
  83  6:09  Glial Reconstitution  
  83  6:11  Infestation Pit, Drone x2  
  86  6:14  Drone x2  
  86  6:16  Drone x2  
  89  6:24  Roach x5  
  98  6:30  Zerg Missile Weapons Level 1  
  98  6:36  Drone  
  98  6:37  Overlord x4  
  95  6:52  Ravager  
  95  6:53  Roach, Ravager  
  95  6:54  Roach x3  
  105  6:57  Ravager  
  106  7:01  Nydus Network  
  106  7:02  Swarm Host x7  
  125  7:08  Swarm Host  
  125  7:09  Swarm Host  
  125  7:15  Hatchery  
  128  7:18  Swarm Host  
  128  7:19  Swarm Host  
  128  7:21  Queen  
  136  7:27  Overlord x3  
  136  7:31  Overlord x2  
  136  7:40  Nydus Canal  
  136  7:45  Roach x2, Hydralisk Den  
  136  7:49  Roach x6  
  150  7:53  Roach  
  150  7:54  Roach x2  
  150  7:55  Nydus Canal  
  150  7:58  Drone x3  
  158  7:59  Drone  
  158  8:01  Drone x3  
  158  8:04  Drone  
  163  8:08  Drone  
  164  8:14  Nydus Canal  
  161  8:21  Muscular Augments, Lurker Den, Overlord  
  161  8:23  Drone x3  
  161  8:24  Hydralisk x2  
  161  8:25  Extractor  
  161  8:26  Hydralisk x2, Extractor  
  163  8:27  Hydralisk  
  163  8:31  Nydus Canal  
  165  8:37  Hydralisk x2  
  163  8:47  Hydralisk x2  
  159  8:51  Hydralisk  
  159  8:58  Hydralisk  
  159  9:01  Hydralisk x2  
  155  9:09  Infestation Pit  
  154  9:11  Nydus Canal  
  154  9:13  Zergling x2  
  154  9:14  Zergling x8  
  150  9:17  Drone x3  
  150  9:18  Spore Crawler, Queen  
  150  9:22  Zergling x28  
  161  9:25  Lurker x2  
  161  9:32  Grooved Spines  
  161  9:36  Lurker x2  
  161  9:37  Overlord x2  
  161  9:41  Overseer  
  161  9:46  Hydralisk x3  
  161  9:47  Zergling x14  
  161  9:50  Lurker  
  161  9:52  Hydralisk, Zergling x2  
  178  9:53  Zergling x6  
  181  10:01  Nydus Canal  
  181  10:04  Lurker  
  181  10:05  Roach x6  
  194  10:12  Hive  
  193  10:21  Nydus Canal  
  193  10:22  Drone x4  
  193  10:23  Drone  
  198  10:29  Zerg Missile Weapons Level 2  
  198  10:30  Drone  
  198  10:31  Evolution Chamber  
  198  10:33  Pneumatized Carapace  
  198  10:36  Lurker x2  
  198  10:43  Hatchery  
  198  10:49  Lurker x2  
  198  10:50  Lurker  
  198  10:56  Spore Crawler  
  197  10:57  Spore Crawler  
  197  11:00  Zerg Ground Armor Level 1  
  197  11:03  Spore Crawler  
  197  11:04  Spore Crawler  
  188  11:12  Drone  
  188  11:13  Drone x2  
  188  11:14  Drone  
  188  11:15  Overseer, Drone x2  
  188  11:17  Spine Crawler  
  188  11:18  Spine Crawler  
  192  11:24  Seismic Spines  
  192  11:26  Nydus Canal  
  192  11:29  Hydralisk x4  
  195  11:33  Extractor  
  195  11:37  Extractor  
  193  11:53  Hydralisk, Lurker  
  191  12:00  Spire  
  186  12:01  Spire  
  174  12:14  Hydralisk x9  
  185  12:21  Adaptive Talons  
  168  12:37  Overlord  
  168  12:38  Overlord x5  
  168  12:39  Hydralisk  
  168  12:40  Hydralisk x3  
  168  12:41  Zergling x4  
  175  12:50  Hatchery  
  170  12:57  Hydralisk x14  
  198  13:07  Hatchery  
  196  13:22  Hydralisk  
  198  13:32  Zerg Ground Armor Level 2  
  198  13:33  Zerg Missile Weapons Level 3  
  198  13:35  Zerg Flyer Armor Level 1, Zerg Flyer Weapons Level 1  
  198  13:37  Extractor x2  
  198  13:38  Overseer x3, Overlord x2  
  194  13:49  Overseer  
  194  13:50  Nydus Canal  
  194  13:52  Corruptor  
  194  13:53  Corruptor x2  
  142  14:40  Hydralisk x4  
  142  14:41  Hydralisk x12  
  158  14:46  Corruptor x3  
  158  14:51  Zergling x4  
  175  14:59  Drone x2  
  178  15:00  Spore Crawler, Drone  
  178  15:02  Spine Crawler  
  178  15:05  Spine Crawler  
  178  15:06  Lurker x2  
  178  15:07  Lurker x2, Corruptor x2  
  168  15:12  Drone x4  
  176  15:15  Spore Crawler  
  176  15:17  Spore Crawler, Viper  
  177  15:22  Viper  
  173  15:31  Corruptor x3  
  176  15:38  Drone x4  
  176  15:41  Spine Crawler x3  
  176  15:42  Spore Crawler  
  176  15:44  Spore Crawler, Corruptor x3  
  176  15:48  Overseer  
  181  16:00  Overseer  
  181  16:01  Hatchery  
  181  16:02  Lurker x4  
  181  16:03  Zergling x12  
  185  16:15  Corruptor x3  
  191  16:22  Drone  
  191  16:23  Drone x5  
  197  16:32  Corruptor x2  
  195  16:38  Corruptor  
  199  16:42  Extractor  
  194  16:53  Drone x2  
  194  16:56  Hydralisk x3  
  198  17:03  Drone  
  198  17:04  Drone  
  198  17:05  Spore Crawler, Spine Crawler  
  198  17:06  Lurker x2, Spine Crawler  
  198  17:07  Spore Crawler  
  198  17:09  Zerg Flyer Weapons Level 2  
  198  17:12  Zerg Flyer Armor Level 2  
  196  17:31  Viper  
  199  17:57  Zerg Ground Armor Level 3  
  199  17:58  Zerg Melee Weapons Level 1  
  199  18:12  Spore Crawler  
  198  18:13  Spore Crawler  
  198  18:14  Spore Crawler  
  198  18:15  Spore Crawler  
  190  18:32  Viper, Drone x2  
  193  18:43  Corruptor, Viper  
  193  18:45  Zergling x2  
  193  18:47  Overlord  
  199  19:01  Overseer  
  199  19:02  Spine Crawler  
  195  19:43  Lurker x3, Corruptor  
  200  19:50  Overlord  
  200  19:52  Corruptor  
  197  19:54  Lurker  
  197  19:55  Spore Crawler  
  197  19:56  Spore Crawler x2, Overseer x2  
  188  20:16  Hatchery  
  185  20:28  Zergling x22  
  186  20:32  Drone x8  
  186  20:33  Drone  
  186  20:35  Hydralisk x3  
  191  20:37  Viper x2  
  195  20:46  Overseer  
  195  21:07  Extractor  
  195  21:09  Extractor  
  178  21:17  Hydralisk x10  
  187  21:22  Hydralisk x11  
  167  21:45  Drone x2  
  167  21:46  Drone x3  
  167  21:47  Drone x2  
  174  21:55  Lurker  
  174  21:56  Hydralisk x5, Lurker x3  
  174  21:57  Zergling x12  
  175  22:37  Greater Spire  
  173  22:54  Lurker x2  
  173  22:55  Overlord  
  173  22:56  Overseer  
  173  23:17  Zerg Flyer Weapons Level 3  
  173  23:18  Hydralisk x3  
  173  23:19  Zergling x16  
  153  23:42  Corruptor x3  
  153  23:43  Corruptor x4  
  148  24:11  Corruptor x5  
  150  24:22  Lurker x3  
  150  24:23  Lurker x2, Corruptor x4  
  163  24:36  Drone x3  
  163  24:37  Overlord x2, Drone  
  167  24:48  Overseer  
  167  24:54  Zergling x6  
  167  24:55  Zergling x4  
  167  24:57  Lurker x3  
  167  24:58  Lurker  
  170  25:06  Hydralisk x4  
  178  25:08  Viper  
  181  25:25  Hydralisk x3  
  187  25:31  Corruptor  
  189  25:49  Overseer  
  188  26:01  Spore Crawler  
  188  26:02  Spore Crawler  
  188  26:03  Spore Crawler  
  182  26:13  Viper x2  
  178  26:19  Drone x2  
  177  26:34  Zergling x2  
  177  26:35  Zergling x12  
  177  26:36  Overlord x2  
  184  26:42  Overlord  
  166  27:10  Hydralisk x7  
  180  27:20  Overseer  
  174  27:30  Lurker x3  
  174  27:31  Zergling x4  
  174  27:32  Zergling x14  
  174  27:37  Overseer  
  183  27:46  Lurker x3  
  186  27:55  Hatchery  
  184  28:19  Drone x2  
  168  28:20  Hydralisk x6  
  168  28:21  Hydralisk x2  
  184  28:50  Hatchery  
  183  29:10  Lurker  
  183  29:11  Lurker x2, Overlord x3  
  183  29:18  Overlord  
  183  29:24  Zergling x12  
  189  29:29  Overseer  
  189  29:31  Drone  
  190  29:51  Hydralisk x5  
  175  30:12  Zergling x2  
Show
View Real Time Build Order
Export as new Build Order

ShoWTimE Protoss - Winner!

Build Orders: 1 Gate Expand, Oracle Opening, Phoenix Opening, Archon Immortal, Carriers 

Get SALT Encoding   

  12  0:00  Probe  
  13  0:12  Probe  
  14  0:18  Pylon  
  14  0:24  Probe  
  15  0:32  Probe  
  15  0:38  Gateway  
  15  0:40  Probe  
  16  0:46  Assimilator  
  17  0:51  Probe  
  18  1:03  Probe  
  19  1:15  Probe  
  20  1:24  Nexus  
  20  1:34  Cybernetics Core  
  20  1:37  Probe  
  21  1:42  Assimilator  
  21  1:49  Probe  
  21  1:52  Pylon  
  22  2:00  Adept  
  22  2:01  Probe  
  23  2:13  Probe  
  26  2:16  Stargate  
  26  2:23  Warp Gate  
  26  2:25  Probe  
  27  2:30  Adept  
  27  2:32  Probe  
  27  2:33  Probe  
  30  2:40  Probe  
  30  2:41  Probe  
  31  2:50  Probe  
  33  2:51  Oracle  
  33  2:52  Probe  
  35  3:02  Probe  
  35  3:04  Probe  
  40  3:13  Gateway  
  40  3:14  Probe  
  40  3:16  Probe  
  40  3:18  Gateway  
  42  3:22  Pylon  
  42  3:26  Probe  
  43  3:28  Probe  
  43  3:31  Phoenix  
  46  3:37  Pylon  
  46  3:40  Adept  
  46  3:41  Probe  
  49  3:42  Probe  
  49  3:47  Assimilator  
  50  3:49  Assimilator  
  50  3:50  Oracle  
  50  3:53  Probe  
  50  3:54  Probe  
  55  4:04  Pylon  
  55  4:05  Probe  
  57  4:18  Adept x2  
  57  4:19  Adept  
  57  4:20  Oracle  
  57  4:22  Probe x2  
  67  4:35  Robotics Facility  
  67  4:37  Pylon  
  67  4:39  Adept  
  69  4:49  Pylon  
  69  4:50  Pylon  
  69  4:52  Pylon x2  
  69  4:56  Sentry x2  
  70  5:00  Probe x2  
  72  5:10  Nexus  
  72  5:12  Probe x2  
  74  5:22  Shield Battery  
  74  5:23  Observer, Sentry  
  74  5:24  Probe x2  
  74  5:25  Pylon  
  79  5:36  Probe x2  
  79  5:40  Immortal, Forge  
  79  5:42  Twilight Council  
  77  5:43  Sentry  
  77  5:48  Probe x2  
  83  5:57  Pylon  
  83  5:59  Protoss Ground Weapons Level 1  
  83  6:00  Probe x2  
  83  6:03  Zealot x2  
  89  6:05  Charge  
  89  6:11  Pylon  
  89  6:12  Probe x2  
  91  6:18  Zealot  
  91  6:24  Probe  
  91  6:25  Probe  
  95  6:27  Probe  
  95  6:30  Assimilator  
  95  6:31  Gateway  
  95  6:32  Assimilator  
  96  6:37  Probe x2  
  96  6:39  Probe  
  99  6:40  Gateway  
  99  6:43  Templar Archives  
  99  6:47  Immortal  
  99  6:49  Probe x2  
  99  6:52  Zealot  
  107  7:04  Gateway  
  107  7:05  Gateway  
  105  7:20  Gateway  
  105  7:21  High Templar x3  
  105  7:22  Gateway  
  111  7:23  Pylon  
  111  7:26  High Templar, Archon  
  111  7:28  Gateway  
  114  7:30  Pylon, Immortal  
  114  7:34  Archon  
  114  7:36  Shield Battery  
  114  7:37  Shield Battery  
  114  7:39  Pylon  
  117  7:44  Zealot  
  117  7:51  Pylon  
  119  7:53  Photon Cannon  
  119  7:58  Zealot x3  
  125  7:59  Warp Prism  
  125  8:02  Zealot x3  
  129  8:11  Protoss Ground Weapons Level 2  
  131  8:13  Pylon  
  129  8:20  High Templar x4  
  129  8:21  Zealot x2  
  129  8:24  Archon  
  129  8:25  Archon  
  141  8:28  Immortal  
  141  8:33  Pylon  
  139  8:37  Zealot x3  
  139  8:38  Zealot  
  129  8:49  Zealot x2  
  129  8:52  Pylon  
  129  8:53  Zealot x3  
  129  8:54  Sentry  
  131  8:59  Zealot  
  131  9:00  Zealot  
  131  9:02  Zealot  
  130  9:04  Immortal  
  130  9:06  Zealot  
  130  9:09  Probe, Zealot  
  135  9:15  Zealot x2  
  136  9:21  High Templar x3  
  136  9:22  High Templar  
  144  9:26  Archon  
  144  9:31  Zealot x2  
  144  9:45  Zealot x4  
  146  9:50  Archon  
  146  9:51  High Templar x2  
  146  9:52  Probe  
  151  9:53  Nexus  
  151  9:55  Archon, High Templar  
  151  9:56  High Templar  
  151  9:58  Probe x2  
  157  10:00  Archon  
  157  10:05  Zealot x4  
  157  10:06  Psionic Storm  
  165  10:11  Probe x2  
  167  10:16  Probe  
  168  10:24  High Templar x3  
  168  10:27  Protoss Ground Weapons Level 3  
  174  10:29  Pylon  
  174  10:32  High Templar  
  176  10:37  Assimilator  
  176  10:40  Assimilator  
  176  10:42  Zealot x3  
  179  10:50  Probe x3  
  179  10:55  Observer  
  181  11:01  Fleet Beacon  
  181  11:02  Probe  
  169  11:11  High Templar  
  169  11:15  Zealot x4  
  179  11:22  Zealot x3  
  185  11:31  Stargate  
  185  11:34  Stargate  
  185  11:35  Photon Cannon  
  185  11:36  Zealot  
  187  11:42  Zealot x2  
  187  11:46  Zealot x2  
  195  11:54  Photon Cannon  
  195  11:57  Photon Cannon  
  195  11:58  Carrier  
  195  12:14  Protoss Air Weapons Level 1  
  197  12:24  Nexus  
  197  12:27  Pylon, Carrier x2  
  175  12:45  Carrier  
  175  12:51  Photon Cannon  
  175  12:53  Photon Cannon  
  175  12:55  High Templar x4  
  181  13:04  Shield Battery  
  187  13:06  Pylon  
  186  13:14  Protoss Shields Level 1  
  186  13:22  Zealot x5  
  186  13:23  Carrier  
  194  13:33  Assimilator  
  200  13:39  Assimilator  
  200  13:46  Zealot  
  200  13:47  Zealot x4  
  200  13:56  Zealot  
  200  13:58  Protoss Air Weapons Level 2  
  198  14:15  Zealot x3  
  194  14:18  Carrier  
  185  14:27  Zealot x4  
  185  14:29  Archon  
  187  14:34  Zealot x2  
  187  14:38  Zealot  
  171  14:45  High Templar  
  171  14:46  High Templar x2  
  171  14:50  Probe x4  
  171  14:51  Probe  
  180  14:53  High Templar x2  
  184  15:00  High Templar x5  
  184  15:04  Archon x2  
  194  15:09  Probe x4  
  198  15:15  Photon Cannon  
  198  15:26  Protoss Shields Level 2  
  184  15:33  Carrier  
  184  15:37  Oracle  
  187  15:44  Zealot  
  189  15:51  Nexus  
  189  15:52  Pylon  
  189  15:56  Zealot x3  
  195  16:05  Mothership  
  191  16:14  Protoss Air Weapons Level 3  
  197  16:22  Pylon  
  197  16:30  Photon Cannon  
  197  16:32  Photon Cannon, High Templar  
  199  16:34  Photon Cannon  
  199  16:36  Zealot x4  
  197  16:47  Carrier x2  
  193  16:53  Carrier  
  197  17:02  Zealot  
  197  17:22  Nexus  
  197  17:24  Pylon  
  197  17:29  Observer  
  198  17:34  Pylon  
  195  17:44  Oracle  
  195  17:48  Observer  
  193  18:03  Zealot x3  
  193  18:04  Assimilator  
  199  18:09  Assimilator  
  199  18:13  Carrier  
  199  18:14  Carrier  
  199  18:16  Photon Cannon  
  199  18:18  Oracle  
  198  18:35  Unknown  
  198  18:36  Zealot  
  192  18:47  Protoss Air Armor Level 1  
  192  18:49  Nexus  
  192  18:53  Observer  
  192  19:05  Photon Cannon  
  192  19:09  Photon Cannon  
  186  19:19  Zealot x7  
  200  19:38  Nexus  
  197  19:40  Pylon  
  190  19:47  Carrier  
  190  19:50  Protoss Shields Level 3, Zealot x2  
  200  19:53  Shield Battery  
  200  19:57  Shield Battery  
  188  20:14  Zealot x6  
  198  20:23  Nexus  
  198  20:27  Observer  
  195  20:29  Zealot x2  
  195  20:51  Observer  
  195  20:52  Protoss Air Armor Level 2  
  195  20:56  Carrier x2  
  190  21:08  Mothership  
  190  21:10  Carrier  
  180  21:27  Zealot x7  
  187  21:41  Zealot x3  
  193  21:59  High Templar x4  
  193  22:00  Zealot x2  
  197  22:07  Zealot  
  199  22:13  Nexus  
  199  22:15  Nexus  
  198  22:16  Pylon  
  196  22:24  Zealot x4  
  197  22:31  Zealot x2  
  199  22:40  Protoss Ground Armor Level 1  
  187  22:45  Assimilator  
  187  22:49  Pylon  
  185  22:55  Photon Cannon  
  185  22:56  Photon Cannon  
  185  23:02  Warp Prism  
  185  23:04  Oracle x2  
  185  23:05  Zealot x4  
  184  23:38  Observer  
  184  23:39  Void Ray  
  184  23:40  Void Ray  
  173  23:43  Zealot x10  
  193  23:49  Carrier  
  199  23:57  Photon Cannon  
  199  24:00  Photon Cannon  
  199  24:02  Photon Cannon  
  175  24:22  Void Ray  
  175  24:23  Void Ray  
  175  24:32  High Templar x5  
  175  24:33  High Templar  
  175  24:38  Archon x2  
  187  24:42  High Templar x3  
  187  24:45  High Templar  
  195  24:48  Observer  
  195  24:50  Nexus  
  196  24:53  Void Ray  
  196  24:54  Pylon  
  196  24:57  Probe x2  
  200  25:20  Protoss Ground Armor Level 2  
  199  25:33  Nexus  
  199  25:36  Pylon  
  199  25:41  Pylon  
  199  25:44  Protoss Air Armor Level 3  
  195  25:59  Carrier  
  195  26:00  Photon Cannon  
  195  26:01  Photon Cannon  
  195  26:02  Photon Cannon  
  195  26:03  Photon Cannon  
  195  26:05  Photon Cannon  
  195  26:06  Carrier  
  194  26:24  Void Ray  
  197  26:41  Assimilator  
  197  26:44  High Templar  
  197  26:45  Assimilator  
  199  26:50  Archon  
  193  27:04  Carrier x2  
  197  27:28  High Templar x2  
  197  27:29  Zealot x2, High Templar x3  
  199  27:44  Archon  
  199  27:49  Observer  
  199  27:54  Oracle  
  199  27:56  Pylon  
  199  28:11  Carrier  
  187  28:21  Carrier  
  199  28:45  Photon Cannon  
  199  28:49  Photon Cannon  
  199  28:51  Pylon  
  199  28:54  Shield Battery  
  196  28:56  Warp Prism  
  197  29:17  High Templar  
  193  30:11  High Templar x3  
  197  30:19  Archon  
  197  30:24  Archon  
  177  30:29  High Templar x6  
Tags
 
Add a new tag
Caveats
  • Supply blocks, unpowered buildings, or Contaminate may cause inaccurate times.
  • Supply counts are checked every 10 seconds.